 Dungeon Crawl Stone Soup version 0.18-a0-955-g171f012 (webtiles) character file.

481 Arkorax the Skirmisher (level 7, -1/66 HPs)
             Began as a Naga Artificer on Dec 31, 2015.
             Slain by P0WERM0DE's ghost (3 damage)
             ... on level 4 of the Dungeon.
             The game lasted 00:07:40 (5503 turns).

Arkorax the Skirmisher (Naga Artificer)             Turns: 5503, Time: 00:07:40

Health: -1/66      AC:  7    Str: 15    XL:     7   Next: 12%
Magic:  10/10      EV:  2    Int: 13    God:
Gold:   63         SH:  0    Dex: 11    Spells: 0 memorised, 6 levels left

rFire  + . .     SeeInvis +     s - +1 flail (holy)
rCold  + . .     Gourm    .     g - +0 plate armour
rNeg   . . .     Faith    .     (no shield)
rPois  +         Spirit   .     (no helmet)
rElec  +         Dismiss  .     (no cloak)
rCorr  +         Reflect  .     (no gloves)
SustAt .         Harm     .     (no barding)
MR     .....                    (no amulet)
Stlth  ..........               (no ring)
                                (no ring)

@: lethally poisoned (-1 -> -2), resistant, very slightly contaminated, hasted
and slowed, drained, very slow, not resistant to hostile enchantments, extremely
unstealthy
A: see invisible, deformed body, poison resistance, slowness 2, slow metabolism
1, spit poison 2, AC +2
a: Spit Poison


You were on level 4 of the Dungeon.
You were not hungry.

You visited 1 branch of the dungeon, and saw 4 of its levels.

You collected 63 gold pieces.

Inventory:

Hand Weapons
 a - a +0 short sword
 s - a +1 flail of holy wrath (weapon)
Armour
 g - a +0 plate armour (worn)
Wands
 c - a wand of flame (10/48)
 d - a wand of enslavement (15/24)
 e - a wand of random effects (13/48)
 x - a wand of disintegration (0/24)
Scrolls
 b - 4 scrolls of teleportation {unknown}
 h - 2 scrolls of identify {unknown}
 j - 4 scrolls of remove curse {unknown}
 p - a scroll of magic mapping {unknown}
 q - a scroll of immolation {unknown}
 r - a scroll of enchant weapon {unknown}
 v - a scroll of enchant armour {unknown}
 w - a scroll of amnesia {unknown}
Potions
 n - a potion of haste
 o - 2 potions of brilliance
Comestibles
 f - a bread ration
 i - 2 meat rations
 k - a slice of pizza
 m - 4 fruits


   Skills:
 * Level 4.8(4.6) Fighting
 - Level 1.0(0.7) Short Blades
 * Level 3.7(3.4) Maces & Flails
 - Level 1.5(1.3) Dodging
 - Level 1.5(1.2) Stealth
 + Level 4.5(4.2) Evocations


You had 6 spell levels left.
You didn't know any spells.

Dungeon Overview and Level Annotations

Branches:
Dungeon (4/15)
 Temple: D:4-7

Altars:

Annotations:
D:4 P0WERM0DE's ghost, amateur KoCK


Innate Abilities, Weirdness & Mutations

You cannot wear boots.
Your serpentine skin is tough (AC +2).
You have supernaturally acute eyesight.
Armour fits poorly on your strangely shaped body.
Your system is resistant to poisons.
You cover ground very slowly.
You have a slow metabolism.
You can spit poison.


Message History

It was a potion of resistance.
You feel protected.
You feel sick. P0WERM0DE's ghost hits you.
* * * LOW HITPOINT WARNING * * *
Drink which item? (? for menu, Esc to quit)
You feel yourself speed up.
P0WERM0DE's ghost hits you but does no damage.
P0WERM0DE's ghost hits you.
* * * LOW HITPOINT WARNING * * *
Your plate armour prevents you from hitting P0WERM0DE's ghost.
P0WERM0DE's ghost hits you.
* * * LOW HITPOINT WARNING * * *
You feel drained.
* * * LOW HITPOINT WARNING * * *
You hit P0WERM0DE's ghost but do no damage.
* * * LOW HITPOINT WARNING * * *
You feel sick.
P0WERM0DE's ghost hits you but does no damage.
You closely miss P0WERM0DE's ghost. P0WERM0DE's ghost hits you.
You die...

#...#...## ##### #.#
###..# #...#
########.######...#
#.............#...#
#########.###.....# #.#
###...# #.#####...##..
#########W.............
#.......@..##...###....
#.............### ...
##..######.#### ..
#......<.#.# .
###..###...#######
##.####........########
#..#####.#..........##
##...# #.#..........##
###.# #.#............


You could see P0WERM0DE's ghost.

Vanquished Creatures
  Sigmund (D:3)
  A scorpion (D:4)
  An orc priest (D:3)
  An orc wizard (D:3)
  Ijyb (D:2)
  A river rat (D:2)
  8 adders
  A shadow imp (D:3)
  2 oozes
  3 worms
  7 orcs (D:3)
  9 bats
  2 giant cockroaches
  8 hobgoblins
  10 jackals
  9 kobolds
  A quokka (D:3)
  2 giant geckos
  2 giant newts (D:1)
  5 goblins
  4 rats
79 creatures vanquished.

Notes
Turn   | Place    | Note
--------------------------------------------------------------
     0 | D:1      | Arkorax the Naga Artificer began the quest for the Orb.
     0 | D:1      | Reached XP level 1. HP: 18/18 MP: 3/3
   636 | D:1      | Reached XP level 2. HP: 8/26 MP: 4/4
  1285 | D:1      | Reached XP level 3. HP: 17/32 MP: 5/5
  1888 | D:2      | Noticed Terence
  1892 | D:2      | Noticed Terence
  1892 | D:2      | Terence changed into Terence the river rat
  1894 | D:2      | Killed Terence the river rat
  2215 | D:2      | Reached skill level 1 in Maces & Flails
  2215 | D:2      | Reached XP level 4. HP: 20/40 MP: 6/6
  2597 | D:2      | Found a faded altar to an unknown god.
  3023 | D:2      | Noticed Ijyb
  3036 | D:2      | Killed Ijyb
  3036 | D:2      | Reached XP level 5. HP: 45/49 MP: 7/7
  3177 | D:3      | Reached skill level 4 in Evocations
  3408 | D:3      | HP: 2/49 [adder (3)]
  3889 | D:3      | Noticed Sigmund
  3906 | D:3      | Killed Sigmund
  3906 | D:3      | Reached XP level 6. HP: 29/58 MP: 9/9
  4734 | D:4      | Noticed P0WERM0DE's ghost (amateur KoCK)
  5199 | D:4      | Reached XP level 7. HP: 64/66 MP: 10/10
  5501 | D:4      | HP: 3/66 [P0WERM0DE's ghost (4)]
  5502 | D:4      | HP: 1/66 [poisoned by P0WERM0DE's ghost]
  5503 | D:4      | Slain by P0WERM0DE's ghost

Vault maps used:
D:1:      lightli_arrival_maybe_door_vault
D:2:      ecumenical_altar_1, uniq_terence, uniq_iyjb
D:3:      uniq_sigmund
D:4:      lemuel_crystal_altar, lemuel_temple_firewalk_marked

Action                   |  1- 3 |  4- 6 |  7- 9 || total
-------------------------+-------+-------+-------++-------
Melee: Short sword       |   198 |       |       ||   198
       Flail             |    22 |   189 |    33 ||   244
 Abil: Spit Poison       |     3 |     1 |       ||     4
Evoke: Wand              |     6 |     3 |       ||     9
  Use: Potion            |       |     6 |     2 ||     8
 Stab: Invisible         |       |       |     2 ||     2
  Eat: Chunk             |     2 |     2 |       ||     4
       Meat ration       |     1 |       |       ||     1
       Bread ration      |       |     1 |       ||     1
